 Dungeon Crawl Stone Soup version 0.20-a0-214-gb74cb0e (webtiles) character file.

116 KristoblXynda the Chopper (level 4, -5/36 HPs)
             Began as a Draconian Gladiator on Nov 27, 2016.
             Killed from afar by Robin (7 damage)
             ... with a wand of flame (?/48)
             ... on level 2 of the Dungeon.
             The game lasted 00:03:31 (1651 turns).

KristoblXynda the Chopper (Draconian Gladiator)     Turns: 1651, Time: 00:03:32

Health: -5/36      AC:  6    Str: 17    XL:     4   Next: 70%
Magic:  4/4        EV: 13    Int:  9    God:
Gold:   16         SH:  0    Dex: 12    Spells: 3/3 levels left

rFire  . . .     SeeInvis .     a - +0 war axe
rCold  . . .     Gourm    .     (armour unavailable)
rNeg   . . .     Faith    .     (no shield)
rPois  .         Spirit   .     b - +0 hat
rElec  .         Reflect  .     k - +0 cloak
rCorr  .         Harm     .     (no gloves)
MR     .....                    (no boots)
Stlth  +.........               (no amulet)
                                (no ring)
                                (no ring)

@: no status effects
A: unfitting armour, cold-blooded, AC +5
a: no special abilities


You were on level 2 of the Dungeon.
You were hungry.

You visited 1 branch of the dungeon, and saw 2 of its levels.

You collected 16 gold pieces.

Inventory:

Hand Weapons
 a - a +0 war axe (weapon)
 l - a +2 quarterstaff of chaos
Missiles
 c - 3 throwing nets (quivered)
Armour
 b - a +0 hat (worn)
 k - a +0 cloak (worn)
Wands
 j - a wand of paralysis (10/24)
Scrolls
 f - a scroll of enchant weapon {unknown}
 g - a scroll of recharging {unknown}
 h - 2 scrolls of magic mapping {unknown}
Comestibles
 d - 3 bread rations


   Skills:
 - Level 2.1 Fighting
 * Level 4.8 Axes
 - Level 2.0 Throwing
 + Level 3.4 Dodging


You had 3 spell levels left.
You didn't know any spells.

Dungeon Overview and Level Annotations

Branches:
Dungeon (2/15)

Altars:

Annotations:
D:2 Robin, Sigmund


Innate Abilities, Weirdness & Mutations

Your plain brown scales are hard. (AC +5)
You cannot fit into any form of body armour.
You are cold-blooded and may be slowed by cold attacks.


Message History

You kill the goblin!
You slash Robin! Robin hits you with a club.
Sigmund hits you from afar with a scythe!
* * * LOW HITPOINT WARNING * * *
Unknown command.
Sigmund laughs darkly.
Robin zaps a wand.
The puff of flame hits you!
* * * LOW HITPOINT WARNING * * *
It is a wand of flame (?/48).
Robin points. "Kill!"
Robin zaps a wand.
The puff of flame misses you.
It was a potion of magic.
Magic courses through your body.
Robin zaps a wand.
The puff of flame misses you.
Unknown command.
As you read the scroll labeled WUTUKL TEANG, it crumbles to dust.
You feel blessed for a moment.
It was a scroll of remove curse.
Unknown command.
Okay, then.
Robin zaps a wand.
The puff of flame hits you!
You die...

#.#
###.............#
#.# ##gg..g..)....#
#.#
#@#).#.......###
#.#
#.##.#.........#
#.#
#g##g#.........###
#.##
#K##.@.g.....$...#
...##
#g###gg...........
....# #.#
#K..†....##.>#
....# #@#
#)............
..PP♣ #.#
#...g.).......
♣P.)♣ #.#
#......K......
♣♣)♣♣
..#....##.#.....).
♣♣)♣
.......##...@.....
♣.♣♣ ........
......g... ♣♣.♣
...............@...
♣.♣♣ .......
........).. #'##
.#......g...


You could see Sigmund, Robin, a hobgoblin, 2 goblins and a kobold.

Vanquished Creatures
  Crazy Yiuf (D:2)
  Ijyb (D:2)
  An adder (D:2)
  A worm (D:2)
  3 dart slugs
  2 leopard geckos (D:1)
  4 bats
  2 giant cockroaches (D:1)
  8 goblins
  5 hobgoblins
  A quokka (D:1)
  A ball python (D:1)
  3 frilled lizards
  6 kobolds
  4 rats
43 creatures vanquished.

Notes
Turn   | Place    | Note
-------+----------+-------------------------------------------
     0 | D:1      | KristoblXynda the Draconian Gladiator began the quest for the Orb.
     0 | D:1      | Reached XP level 1. HP: 17/17 MP: 1/1
   337 | D:1      | Reached XP level 2. HP: 24/24 MP: 2/2
   806 | D:2      | Reached XP level 3. HP: 12/29 MP: 3/3
   809 | D:2      | Reached skill level 4 in Axes
  1317 | D:2      | Noticed Sigmund
  1319 | D:2      | Noticed Robin
  1397 | D:2      | Noticed Ijyb
  1404 | D:2      | Paralysed by Ijyb for 7 turns
  1414 | D:2      | Paralysed by Ijyb for 5 turns
  1421 | D:2      | Paralysed by Ijyb for 5 turns
  1429 | D:2      | Killed Ijyb
  1429 | D:2      | Reached XP level 4. HP: 24/36 MP: 4/4
  1559 | D:2      | Found a runed door.
  1563 | D:2      | Noticed Crazy Yiuf
  1568 | D:2      | Killed Crazy Yiuf
  1646 | D:2      | HP: 1/36 [Robin/wand of flame (?/48) (5)]
  1651 | D:2      | Killed from afar by Robin

Vault maps used:
D:1:      lightli_arrival_boilingwater
D:2:      first_bread, uniq_iyjb, uniq_robin, uniq_sigmund,
          uniq_crazy_yiuf_cottage

Skill      XL: |  1  2  3 |
---------------+----------+-----
Throwing       | 2 |  2.0
Axes           | 4 |  4.8
Dodging        | 3 |  3.4
Fighting       | |  2.1

Action                   |  1- 3 |  4- 6 || total
-------------------------+-------+-------++-------
Melee: War axe           |    99 |    19 ||   118
       Tailslap          |    14 |     3 ||    17
Evoke: Wand              |       |     1 ||     1
  Use: Scroll            |       |     1 ||     1
       Potion            |       |     1 ||     1
 Stab: Sleeping          |     2 |       ||     2
       Paralysed         |       |     3 ||     3
  Eat: Chunk             |     1 |     1 ||     2
Armor: Skin              |    35 |     7 ||    42
Dodge: Dodged            |    96 |    19 ||   115
